 Dungeon Crawl Stone Soup version 0.31.0-4-g52a2dc7128 (webtiles) character file.

Game seed: 5447509934806782046

2438 MisterFreud the Destroyer (level 9, 0/68 HPs)
             Began as a Demonspawn Conjurer on Jan 22, 2024.
             Slain by a hornet (13 damage)
             ... on level 7 of the Dungeon.
             The game lasted 00:14:02 (7390 turns).

MisterFreud the Destroyer (Demonspawn Conjurer)     Turns: 7390, Time: 00:14:03

Health: 0/68       AC:  3    Str:  8    XL:     9   Next: 25%
Magic:  14/16      EV: 20    Int: 22    God:
Gold:   393        SH:  0    Dex: 12    Spells: 15/18 levels left

rFire   . . .        j - +1 dagger (vamp)
rCold   . . .        (no shield)
rNeg    . . .        a - +1 robe
rPois   .            (helmet restricted)
rElec   .            (no cloak)
rCorr   .            (no gloves)
SInv    .            (no boots)
Will    .....        k - amulet of magic regeneration
Stlth   ++           d - +5 ring of evasion
HPRegen 0.31/turn    (no ring)
MPRegen 0.70/turn

%: no passive effects
@: lethally poisoned (0 -> -6), about to teleport, slowed, very slow
A: antennae 1, repulsion field 1, ignite blood 1, magic regeneration
a: no special abilities


You were on level 7 of the Dungeon.
You visited 2 branches of the dungeon, and saw 8 of its levels.

You collected 393 gold pieces.

Inventory:

Hand Weapons
 j - a +1 vampiric dagger (weapon)
Missiles
 v - 5 poisoned darts
 w - 5 curare-tipped darts
Armour
 a - a +1 robe (worn)
Jewellery
 d - a +5 ring of evasion (left hand)
 k - an amulet of magic regeneration (around neck)
Wands
 q - a wand of quicksilver (8)
Scrolls
 h - a scroll of teleportation
 n - 2 scrolls of enchant weapon
 s - 2 scrolls of vulnerability
 t - a scroll of silence {unknown}
 u - a scroll of enchant armour
Potions
 b - a potion of magic
 c - a potion of haste {unknown}
 e - a potion of lignification {unknown}
 f - 2 potions of degeneration {unknown}
 g - 2 potions of brilliance
 i - a potion of invisibility {unknown}
 l - 2 potions of attraction
 m - 2 potions of curing {unknown}
 o - a potion of heal wounds
 p - a potion of cancellation
 r - 2 potions of enlightenment {unknown}


   Skills:
 - Level 5.0 Fighting
 + Level 4.8 Short Blades
 - Level 5.0 Dodging
 - Level 1.7 Stealth
 - Level 5.0 Spellcasting
 - Level 8.0 Conjurations


You had 15 spell levels left.
You knew the following spells:

 Your Spells              Type           Power      Damage    Failure   Level
a - Magic Dart            Conj           100%       1d8       1%          1
b - Searing Ray           Conj           80%        2d7       1%          2

Your spell library contained the following spells:

 Spells                   Type           Power      Damage    Failure   Level
 Foxfire                  Conj/Fire      92%        2x1d8     1%          1
 Sting                    Conj/Alch      92%        1d8       1%          1
 Call Imp                 Summ           10%        N/A       16%         2
 Mercury Vapours          Alch/Air       10%        N/A       16%         2
 Fulminant Prism          Conj/Alch      11%        3d9       19%         4
 Iskenderun's Mystic Bla  Conj/Tloc      23%        2d6       19%         4
 Call Canine Familiar     Summ           5%         N/A       30%         3
 Sigil of Binding         Hex            5%         N/A       30%         3
 Animate Armour           Summ/Erth      10%        N/A       69%         4
 Dimensional Bullseye     Hex/Tloc       2%         N/A       69%         4
 Martyr's Knell           Necr/Summ      5%         N/A       69%         4
 Olgreb's Toxic Radiance  Alch           5%         N/A       69%         4
 Summon Forest            Summ/Tloc      2%         N/A       95%         5
 Starburst                Conj/Fire      11%        6d5       96%         6
 Plasma Beam              Fire/Air       2%         2x1d12    100%        6
 Spellforged Servitor     Conj/Summ      11%        N/A       100%        7


Dungeon Overview and Level Annotations

Branches:
Dungeon (7/15)             Temple (1/1) D:6

Altars:
Ashenzari
Cheibriados
Dithmenos
Fedhas
Hepliaklqana
Kikubaaqudgha
Nemelex Xobeh
Okawaru
Ru
Sif Muna
Trog
Uskayaw
Vehumet
Wu Jian
Xom

Shops:
D:4 [


Innate Abilities, Weirdness & Mutations

You have a pair of small antennae on your head.
You are surrounded by a mild repulsion field. (EV +2)
Your demonic aura sometimes causes spilled blood to erupt in flames.
You regenerate magic rapidly.


Message History

The hornet is lightly wounded.
The hornet barely misses you. The hornet stings you!
You feel yourself slow down.
The searing ray hits the hornet but does no damage.
The hornet is lightly wounded.
You finish channelling your searing ray.
The hornet completely misses you. The hornet stings you!
You are poisoned.
You feel as though you will be slow longer.
Casting: Searing Ray (safe; 1% risk of failure)
Confirm with . or Enter, or press ? or * to list all spells.
Aiming: Searing Ray (safe; 1% risk of failure)
Press: ? - help, Shift-Dir - straight line, f/p - hornet
Aim: a hornet (lightly wounded, 73% to hit)
The searing ray hits the hornet.
The hornet is lightly wounded. (Press . to maintain the ray.)
You feel very sick. The hornet misses you. The hornet barely misses you.
Unknown command.
The searing ray hits the hornet!
The hornet is moderately wounded.
You feel sick. The hornet barely misses you. x2
The searing ray hits the hornet.
The hornet is heavily wounded.
You feel yourself speed up.
You feel sick. The hornet stings you!
You feel yourself slow down. The hornet stings you.
You are more poisoned.
You feel as though you will be slow longer.
The hornet stings you!
* * * LOW HITPOINT WARNING * * *
You feel as though you will be slow longer.
Okay, then.
Unknown command.
As you read the scroll of teleportation, it crumbles to dust.
You feel strangely unstable.
You feel very sick. The hornet stings you!
You die...

...#......#......#
...#......#......#
...#......#......#
...#......#......#
...#......#......#
...#......+......#
...#......#......#
.. ##......# .
........@#
........y#
.........#
.........#
.........#
#........#
.....#### .....


You could see a hornet.

Vanquished Creatures
  Prince Ribbit (D:5)
  Sigmund (D:5)
  3 ice beasts
  A water moccasin (D:6)
  A sky beast (D:6)
  A black bear (D:7)
  3 ogres
  A centaur (D:7)
  A phantom (D:7)
  A kobold brigand (D:7)
  2 bullfrogs (D:6)
  A brain worm (D:3)
  3 killer bees (D:6)
  A howler monkey (D:5)
  2 electric eels (D:6)
  A jelly (D:6)
  4 hounds
  4 orc priests
  An iguana (D:4)
  An orc wizard (D:7)
  9 gnolls
  8 adders
  A shadow imp (D:6)
  A white imp (D:5)
  2 ufetubi (D:6)
  3 dart slugs
  9 orcs
  3 ball pythons
  8 bats
  2 endoplasms
  6 giant cockroaches
  11 goblins
  5 hobgoblins
  3 jackals (D:2)
  11 kobolds
  5 quokkas
  A frilled lizard (D:2)
  5 rats (D:1)
127 creatures vanquished.

Notes
Turn   | Place    | Note
-------+----------+-------------------------------------------
     0 | D:1      | MisterFreud the Demonspawn Conjurer began the quest for the
                  | Orb.
     0 | D:1      | Reached XP level 1. HP: 13/13 MP: 3/3
   258 | D:1      | Gained mutation: You are surrounded by a mild repulsion
                  | field. (EV +2) [demonic ancestry]
   258 | D:1      | Reached XP level 2. HP: 19/19 MP: 0/5
   831 | D:1      | Reached skill level 5 in Conjurations
   851 | D:1      | Gained mutation: You have a pair of small antennae on your
                  | head. [demonic ancestry]
   851 | D:1      | Reached XP level 3. HP: 24/24 MP: 4/6
  1402 | D:1      | Identified a scroll of acquirement
  1402 | D:1      | Acquired the Spellbook of Necrotic Allies
  1866 | D:2      | Reached XP level 4. HP: 30/30 MP: 1/7
  1924 | D:2      | Learned a level 2 spell: Searing Ray
  2528 | D:3      | Found a bloodstained altar of Trog.
  2528 | D:3      | Noticed a brain worm
  2538 | D:3      | Found a hide-covered altar of Uskayaw.
  2792 | D:3      | Killed a brain worm
  2793 | D:3      | Reached skill level 6 in Conjurations
  2793 | D:3      | Reached XP level 5. HP: 23/35 MP: 1/8
  3491 | D:4      | Found Wuanedi's Antique Armour Boutique.
  3717 | D:3      | Reached skill level 7 in Conjurations
  4108 | D:4      | Reached XP level 6. HP: 15/41 MP: 2/9
  4402 | D:5      | Entered Level 5 of the Dungeon
  4402 | D:5      | Noticed Sigmund
  4423 | D:5      | Killed Sigmund
  4424 | D:5      | Reached skill level 8 in Conjurations
  4424 | D:5      | Reached skill level 1 in Fighting
  4520 | D:5      | Noticed Prince Ribbit
  4532 | D:5      | Gained mutation: You regenerate magic rapidly. [demonic
                  | ancestry]
  4532 | D:5      | Reached XP level 7. HP: 25/51 MP: 0/10
  4536 | D:5      | Killed Prince Ribbit
  5028 | D:5      | Reached skill level 5 in Fighting
  5028 | D:5      | Reached XP level 8. HP: 62/62 MP: 8/12
  5137 | D:5      | Found a sacrificial altar of Ru.
  5916 | D:6      | Identified the +0 robe of the Majestic God {Stlth+}
  6147 | D:6      | Found a staircase to the Ecumenical Temple.
  6218 | Temple   | Entered the Ecumenical Temple
  6288 | D:6      | Reached skill level 5 in Spellcasting
  6289 | D:6      | Reached skill level 5 in Dodging
  6289 | D:6      | Reached skill level 1 in Short Blades
  6585 | D:6      | Found a shimmering blue altar of Sif Muna.
  6709 | D:7      | Gained mutation: Your demonic aura sometimes causes spilled
                  | blood to erupt in flames. [demonic ancestry]
  6709 | D:7      | Reached XP level 9. HP: 51/68 MP: 13/16
  7390 | D:7      | Slain by a hornet

Illustrated notes

Levels and vault maps discovered:
D:1:      giann_bridges, layout_loops_corners, minmay_misc_feat_tiny
D:2:      layout_loops_ring
D:3:      layout_basic, trog_antimagical, mainiacjoe_overflow_chevrons,
          grunt_decor_fettered
D:4:      layout_basic, serial_shops, shop
D:5:      layout_loops_ring, lemuel_doored_altar, uniq_prince_ribbit1,
          uniq_sigmund
D:6:      wander_river, layout_loops_corners, mainiacjoe_overflow_alcove_2,
          minmay_temple_entry_enclosed_plants, serial_bayou,
          serial_bayou_pond_c, serial_bayou_pond_d, serial_bayou_lake_a,
          serial_bayou_crossing
D:7:      layout_gridville
Temple:   eino_temple_lava

Skill      XL: |  1  2  3  4  5  6  7  8  9 |
---------------+----------------------------+-----
Conjurations   | 5 6 7 8 |  8.0
Fighting       | 2 5 |  5.0
Dodging        | 2 5 |  5.0
Spellcasting   | 3 5 |  5.0
Short Blades   | 2 4 |  4.8
Stealth        | |  1.7

Action                     |  1- 3 |  4- 6 |  7- 9 || total
---------------------------+-------+-------+-------++-------
  Melee: Unarmed           |    16 |       |       ||    16
         Dagger            |    19 |    38 |    48 ||   105
         Punch             |       |     1 |     1 ||     2
   Cast: Magic Dart        |    85 |    60 |    95 ||   240
         Searing Ray       |       |     7 |    27 ||    34
    Use: Scroll            |     2 |    13 |     2 ||    17
         Potion            |       |     1 |       ||     1
   Stab: Sleeping          |     1 |       |       ||     1
 Armour: Robe              |    12 |    30 |    50 ||    92
  Dodge: Dodged            |    40 |    53 |    82 ||   175
